AoeStats
← Timeskip

MegaRandom

509611225Analyzed
4v4 RM · 5d ago on Sep 27, 2026· 42m 29s· 8 players
Game mode
Random Map
Map size
Large (8 player)
Population
200
Speed
Normal
Resources
Standard
Victory
Conquest
Starting age
Dark Age
Ending age
Imperial Age
RankedLock teamsTeams togetherTeam positionsShared explorationLock speedFull tech treeHidden civsTurbo modeCheats
Victory
Defeat
🇫🇷 Khmer · France
1768
+11
🇧🇬 Varangians · Bulgaria
1759
+11
🇮🇳 Saxons · India
1721
+13
🇩🇪 Vietnamese · Germany
1661
+15
🇵🇰 Varangians · Pakistan
1700
-14
🇵🇰 Saxons · Pakistan
1668
-13
🇵🇰 Danes · Pakistan
1628
-12
🇩🇪 Spanish · Germany
1617
-11
Timeskip
6:34 Loom
10:00 Feudal Age
15:57 Fletching
22:05 Castle Age
21:02 Double-Bit Axe
22:07 Crossbowman
22:49 Bodkin Arrow
24:09 Ballistics
25:48 Padded Archer Armor
25:37 Horse Collar
32:25 Wheelbarrow
38:24 Imperial Age
38:27 Thumb Ring
40:07 Chemistry
39:14 Bracer
Zni.Locuss
4:10 Loom
9:45 Feudal Age
11:04 Double-Bit Axe
15:03 Bloodlines
16:27 Horse Collar
21:14 Castle Age
20:08 Scale Barding Armor
21:24 Wheelbarrow
21:17 Light Cavalry
27:27 Heavy Plow
29:29 Husbandry
30:37 Chain Barding Armor
31:16 Town Watch
32:37 Forging
37:45 Imperial Age
35:52 Stone Mining
35:53 Gold Mining
37:26 Vendel Legacy
38:33 Hand Cart
37:51 Elite Jarl
40:19 Plate Barding Armor
41:08 Iron Casting
41:28 Fletching
=)Svanhilde
8:34 Feudal Age
9:12 Double-Bit Axe
11:07 Horse Collar
11:14 Loom
19:32 Castle Age
18:22 Bloodlines
19:14 Forging
19:10 Scale Barding Armor
19:53 Light Cavalry
20:44 Bow Saw
20:34 Heavy Plow
21:37 Wheelbarrow
21:12 Husbandry
29:12 Iron Casting
29:54 Chain Barding Armor
32:42 Hand Cart
35:34 Imperial Age
35:53 Fletching
37:37 Blast Furnace
37:53 Plate Barding Armor
38:26 Gold Mining
38:26 Stone Mining
39:21 Crop Rotation
38:13 Hussar
39:58 Masonry
40:09 Ballistics
40:50 Chemistry
Zni.Kark01
5:17 Loom
10:25 Feudal Age
11:28 Double-Bit Axe
13:21 Fletching
18:10 Horse Collar
24:19 Castle Age
23:58 Padded Archer Armor
24:33 Town Watch
25:15 Bodkin Arrow
25:31 Crossbowman
33:29 Forging
36:26 Bow Saw
36:35 Gold Mining
38:40 Ballistics
41:29 Scale Mail Armor
Bro Creation
5:50 Loom
11:54 Feudal Age
15:33 Castle Age
15:47 Scale Barding Armor
23:53 Forging
28:07 Iron Casting
28:21 Chain Barding Armor
29:21 Bloodlines
40:07 Wheelbarrow
39:18 Town Watch
41:00 Vendel Legacy
CO[M]BO
4:10 Loom
7:39 Loom
10:19 Feudal Age
16:39 Castle Age
16:02 Fletching
25:11 Scale Mail Armor
29:12 Gambesons
40:47 Squires
40:59 Forging
J_
3:30 Loom
11:45 Feudal Age
15:25 Castle Age
13:38 Double-Bit Axe
26:55 Wheelbarrow
32:18 Bow Saw
34:38 Padded Archer Armor
34:42 Horse Collar
36:00 Husbandry
38:40 Heavy Plow
43:10 Imperial Age
42:01 Bloodlines
41:58 Fletching
Decade
10:59 Feudal Age
11:40 Loom
14:34 Castle Age
27:59 Scale Mail Armor
29:22 Double-Bit Axe
29:18 Horse Collar
30:21 Chain Mail Armor
33:56 Arson
34:25 Forging
39:18 Iron Casting
Connection lost

Rejoining the realm…

Still unreachable

The connection could not be restored.

Session expired

The server has moved on; the page needs a fresh start.